 Dungeon Crawl Stone Soup version 0.31-a0-1008-g5b978dac0e (webtiles) character file.

Game seed: 5449197073553632031

2 Chiseanne the Sneak (level 1, -3/11 HPs)
             Began as a Spriggan Delver on Nov 12, 2023.
             Splashed by a jelly's acid (9 damage)
             ... on level 5 of the Dungeon.
             The game lasted 00:00:39 (79 turns).

Chiseanne the Sneak (Spriggan Delver)                 Turns: 79, Time: 00:00:40

Health: -3/11      AC:  2    Str:  8    XL:     1   Next: 25%
Magic:  2/2        EV: 17    Int: 11    God:
Gold:   0          SH:  0    Dex: 16    Spells: 0/0 levels left

rFire   . . .        a - +0 short sword
rCold   . . .        (no shield)
rNeg    . . .        b - +0 robe
rPois   .            (helmet restricted)
rElec   .            (no cloak)
rCorr   .            (gloves unavailable)
SInv    +            (boots unavailable)
Will    .....        (no amulet)
Stlth   ++++         (no ring)
HPRegen 0.21/turn    (no ring)
MPRegen 0.08/turn

%: no passive effects
@: very quick
A: very small, no large weapons, unfitting armour, see invisible, speed 3
a: no special abilities


You were on level 5 of the Dungeon.
You visited 1 branch of the dungeon, and saw 1 of its levels.

Inventory:

Hand Weapons
 a - a +0 short sword (weapon)
Armour
 b - a +0 robe (worn)
Wands
 g - a wand of digging (3)
 h - a wand of mindburst (11)
Scrolls
 c - a scroll of fog
 d - a scroll of revelation
 e - a scroll of fear
Potions
 f - a potion of haste


   Skills:
 - Level 2.4 Fighting
 - Level 2.1 Short Blades
 - Level 2.6 Dodging
 * Level 7.4 Stealth


You couldn't memorise any spells.
You didn't know any spells.
Your spell library was empty.

Dungeon Overview and Level Annotations

Branches:
Dungeon (5/15)
 Temple: D:4-7

Altars:


Innate Abilities, Weirdness & Mutations

You are very small and have problems with some larger weapons.
You are too small for most types of armour.
You have supernaturally acute eyesight. (SInv)
You cover ground extremely quickly. (Speed+++)


Message History

Options error: Couldn't parse integer option travel_delay: "1 (or -1 online)" (~/.crawlrc:138) Options error: Couldn't parse integer option rest_delay: "-1 (or -1 online)" (~/.crawlrc:140) Options error: Unknown explore stop condition 'greedy_sacrificeable' (~/.crawlrc:146) Welcome, Chiseanne the Spriggan Delver.
It is said that the Orb of Zot exists deep within this dungeon.
Press ? for a list of commands and other information.
Found a jewelled glass wand.
Found a whip.
h - a wand of mindburst (11)
You open the door.
There is an open door here.
An orc comes into view. It is wielding a +0 club.
The helpless orc fails to defend itself.
You impale the orc!!
You kill the orc!
Things that are here:
a +0 club; a +0 leather armour; an orc corpse You open the door.
There is an open door here.
You open the door.
There is an open door here.
A jelly comes into view.
The jelly quivers.
A sleepcap comes into view.
You hit the sleepcap but do no damage. The sleepcap completely misses you.
The sleepcap attacks as it pursues you! The sleepcap releases spores at you.
As you open the door, it creaks loudly! The sleepcap closely misses you.
There is an open door here.
The sleepcap closely misses you.
There is an open door here.
The jelly misses you.
You open the door. The jelly attacks as it pursues you! The jelly hits you.
You are splashed with acid!
Ouch! That really hurt!
You die...

..........#........#...#
.........)#........'...#
####+############'##..##
#########.##...######
#...#...............#
#...#...............#
##'##..##.....#.....#
#..##..######+#.....#
#....f.J@.....#.....###
#...##..##.....#.......#
##+###### .....#.......#
.....#.......#
.....#.......#
.....#.......#
+#####.......# #.......#
+.......#


You could see a sleepcap and a jelly.

Vanquished Creatures
  An orc (D:5)
1 creature vanquished.

Notes
Turn   | Place    | Note
-------+----------+-------------------------------------------
     0 | D:5      | Chiseanne the Spriggan Delver began the quest for the Orb.
     0 | D:5      | Reached XP level 1. HP: 11/11 MP: 2/2
    42 | D:5      | Noticed a jelly
    58 | D:5      | Noticed a sleepcap
    79 | D:5      | Splashed by a jelly's acid

Illustrated notes

Levels and vault maps discovered:
D:5:      layout_gridville, mainiacjoe_overflow_24_doors

Action                     || total
---------------------------++-------
  Melee: Short sword       ||     2
   Stab: Sleeping          ||     1
 Armour: Robe              ||     2
  Dodge: Dodged            ||     4

Table legend: (Time is in decaauts)
 A = Elapsed time spent in this place.
 B = Non-inter-level travel time spent in this place.
 C = Inter-level travel time spent in this place.
 D = Time resting spent in this place.
 E = Time spent auto-exploring this place.
 F = Levels seen in this place.
 G = Mean time per level.
                   A        B        C        D        E       F      G
               +--------+--------+--------+--------+--------+-----+--------+
         Total |     50 |     50 |      0 |      0 |      0 |   1 |   50.0 |
       Dungeon |     50 |     50 |      0 |      0 |      0 |   1 |   50.0 |
               +--------+--------+--------+--------+--------+-----+--------+

Top non-repeatable levels by time:
     D:5: 50 daAuts
